[Event "*** Titled Tuesday 3|2 Blitz"]
[Site "Chess.com"]
[Date "2014.12.30"]
[Round "3"]
[White "Yaacovn"]
[Black "KestutisLabeckas"]
[Result "1/2-1/2"]
[WhiteElo "2605"]
[BlackElo "2381"]
[TimeControl "180+2"]
[EndTime "11:35:33 PST"]
[Termination "Game drawn by repetition"]

1. d4 Nf6 2. Nf3 d5 3. c4 c6 4. cxd5 cxd5 5. Nc3 Nc6 6. Bf4 Bf5 7. Qb3 Na5 8. Qa4+ Bd7 9. Qc2 e6 10. e3 Rc8 11.
Bd3 Be7 12. O-O O-O 13. Ne5 Nc4 14. Qe2 Nd6 15. Rac1 Be8 16. Bg5 h6 17. Bh4 a6 18.
f4 b5 19. Qf3 Nc4 20. Bxc4 bxc4 21. f5 Bd7 22. g4 Nh7 23. Bxe7 Qxe7 24. Qf4 Bc6 25.
Qg3 Bb7 26. Rf2 exf5 27. gxf5 Kh8 28. Kh1 Nf6 29. Rg1 Rg8 30. Qh4 Rce8 31. Rfg2 Bc8 32. Qf4 Kh7 33. a3 Bb7 34. Qh4 Bc8 35. Qf2 Bb7 36. h3 Nd7 37. f6 Nxf6 38. Qf5+ g6 39. Nxg6 fxg6 40. Rxg6 Rxg6 41. Rxg6 Bc8 42. Qxf6 Qxf6 43.
Rxf6 Rxe3 44. Nxd5 Rxh3+ 45. Kg2 Rb3 46. Rc6 Bb7 47. Rc7+ Kg6 48. Rd7 Bxd5+ 49. Rxd5 Rxb2+ 50. Kf3 Rb3+ 51. Ke4 Rxa3 52. Rc5 c3 53. d5 Kf6 54. Rc6+ Ke7 55. Ke5 Kd7 56. Rd6+ Ke7 57. Re6+ Kd7 58. Rd6+ Kc7 59. Rc6+ Kd7 60. Rd6+ 1/2-1/2

[Event "*** Titled Tuesday 3|2 Blitz"]
[Site "Chess.com"]
[Date "2014.12.30"]
[Round "3"]
[White "ViennaRocket"]
[Black "THORK"]
[Result "1/2-1/2"]
[WhiteElo "2212"]
[BlackElo "2204"]
[TimeControl "180+2"]
[EndTime "11:35:38 PST"]
[Termination "Game drawn by repetition"]

1. d4 d5 2. c4 Bf5 3. cxd5 Bxb1 4. Qa4+ Qd7 5. Qxd7+ Nxd7 6. Rxb1 Ngf6 7. f3 Nxd5 8. e4 Nb4 9. Bf4 Nc2+ 10. Kf2 e5 11. dxe5 Bc5+ 12. Kg3 g5 13. Bd2 Ne3 14. Bb5 c6 15. Ba4 Nxe5 16. Bc3 f6 17. Ne2 h5 18. h3 h4+ 19. Kh2 O-O-O 20. Rhc1 Bb6 21. b4 Kb8 22. b5 c5 23. Bb3 Rd3 24. a4 Rhd8 25. a5 Bc7 26. Kh1 b6 27. axb6 axb6 28. Bxe5 Bxe5 29. Be6 Rd2 30. Nc3 Nxg2 31. Nd5 Nf4 32.
Nxf4 Bxf4 33. Bd5 Kc7 34. Rd1 Rf2 35. Ra1 Rd2 36. Ra7+ Kd6 37. Rxd2 Bxd2 38. Rf7 Ke5 39. Rb7 Rd6 40. Kg2 Kf4 41. Rc7 Bc3 42. Rc6 Be5 43.
Rxd6 Bxd6 44. Kf2 Be5 45. Bc4 Bd4+ 46. Ke2 Kg3 47. Be6 Be5 48. Bg4 Kf4 49. Kd3 Kg3 50.
Ke2 Kg2 51. Kd3 Kf2 52. Kc4 Ke3 53. Bh5 Bd4 54. Bg4 Kf4 55. Bh5 f5 56. exf5 Kxf5 57. Bg4+ Kf4 58. Kd3 Ke5 59. Kc4 Be3 60. Bc8 Bc1 61.
Bg4 Kf4 62. Bh5 Ke3 63. Bg4 Kf2 64. Bh5 Kg3 65. Bg4 Bf4 66. Kd5 Bc1 67. Kc4 Bf4 68.
Kd5 Kf2 69. Kc4 Ke3 70. Bh5 Kd2 71. Bg4 Kc2 72. Bh5 Kb2 73. Bg4 Ka3 74. Bh5 Ka4 75. Bg4 Ka5 76. Bh5 Ka4 77. Bg4 Ka3 78. Bh5 Kb2 79.
Bg4 Ka3 1/2-1/2

[Event "*** Titled Tuesday 3|2 Blitz"]
[Site "Chess.com"]
[Date "2014.12.30"]
[Round "3"]
[White "GedoGluperd"]
[Black "zmaj23"]
[Result "1-0"]
[WhiteElo "2320"]
[BlackElo "2109"]
[TimeControl "180+2"]
[EndTime "11:35:40 PST"]
[Termination "GedoGluperd won by resignation"]

1. d4 e6 2. g3 Nf6 3. Bg2 d5 4. c4 dxc4 5. Nf3 Bb4+ 6. Bd2 Bxd2+ 7. Nbxd2 O-O 8. Nxc4 Nc6 9. O-O Qe7 10. Qb3 Rd8 11.
e3 a5 12. Rac1 Nb4 13. a3 Nc6 14. Nfe5 Nxe5 15. Nxe5 Ra6 16. Rc2 Rb6 17. Qa4 Ra6 18. Rfc1 c6 19. Rc5 Nd5 20. Bxd5 Rxd5 21. Nd3 Bd7 22. Nf4 Rxc5 23. Rxc5 b6 24. Rc2 c5 25. Qc4 Ra8 26. dxc5 Rc8 27. b4 axb4 28. axb4 g5 29.
Nd3 Ba4 30. Rc1 Qd7 31. Qd4 Qb7 32. Ne5 h6 33. h4 gxh4 34. Qxh4 Kg7 35. Qg4+ Kf6 36.
Qf4+ Kg7 37. Ng4 f5 38. Qxh6+ Kg8 39. Nf6+ Kf7 40. Qh7+ Kxf6 41. Qxb7 Rh8 42. cxb6 Bb3 43. f3 Bd5 44. Qc7 Bxf3 45. Kf2 Be4 46. Ke1 Rh2 47. Qc3+ Kg5 48. Qg7+ Kh5 49. Qh7+ Kg4 50. Qxh2 1-0

[Event "*** Titled Tuesday 3|2 Blitz"]
[Site "Chess.com"]
[Date "2014.12.30"]
[Round "3"]
[White "Vandros57"]
[Black "swayamsm"]
[Result "0-1"]
[WhiteElo "1841"]
[BlackElo "2312"]
[TimeControl "180+2"]
[EndTime "11:35:53 PST"]
[Termination "swayamsm won on time"]

1. d4 e6 2. Nf3 Nf6 3. c4 b6 4.
g3 Bb7 5. Bg2 Bb4+ 6. Bd2 Bxd2+ 7.
Qxd2 O-O 8. O-O c6 9. Nc3 d5 10. Ne5 Nbd7 11. cxd5 cxd5 12. Nxd7 Qxd7 13. Rac1 Rac8 14.
b3 Rc7 15. a4 Rfc8 16. Nb5 Rxc1 17. Rxc1 a6 18. Rxc8+ Qxc8 19. Nd6 Qc7 20. Nxb7 Qxb7 21. Qc3 h6 22. h4 Qd7 23. e3 a5 24. Qc2 g6 25. Bf1 Kg7 26. Bd3 Qd6 27. Qc3 Qa3 28. Kg2 Qa2 29. Qc2 Qxc2 30. Bxc2 Ne8 31. Kf1 Nd6 32. Bd3 f6 33. f4 g5 34. Kf2 Kf7 35. Kf3 f5 36. hxg5 hxg5 37. g4 Kf6 38. gxf5 exf5 39. fxg5+ Kxg5 40. Bc2 Ne8 41. Bd3 Nf6 42.
Kg3 Ng8 43. Bb5 Nf6 44. Bc6 Ne4+ 45. Kg2 Nc3 46. Kg3 Ne4+ 47. Kg2 f4 48. exf4+ Kxf4 49. Bxd5 Nc3 50. Bc4 Ke4 51. Kf2 Kxd4 52. Ke1 Nxa4 53.
Kd2 Nc5 54. Kc2 Ne4 55. Bg8 Kc5 56. Kb2 Kb4 57. Bh7 Nc5 58. Bc2 Ne6 59. Bd1 Nd4 60. Ka2 Kc3 61. Ka3 b5 62. Ka2 b4 63. Bh5 Nxb3 64. Be8 Nc1+ 65. Kb1 Nd3 66. Ka2 Nc5 67. Kb1 Kb3 68. Bf7+ Ka3 69. Ka1 a4 70. Bg8 b3 71. Bf7 Ne4 72. Bg8 b2+ 73. Kb1 Nc3+ 0-1

[Event "*** Titled Tuesday 3|2 Blitz"]
[Site "Chess.com"]
[Date "2014.12.30"]
[Round "3"]
[White "DrHolmes13"]
[Black "WanderingPuppet"]
[Result "1-0"]
[WhiteElo "2183"]
[BlackElo "2048"]
[TimeControl "180+2"]
[EndTime "11:36:03 PST"]
[Termination "DrHolmes13 won by resignation"]

1. Nf3 Nf6 2. g3 g6 3. b3 Bg7 4.
Bb2 O-O 5. Bg2 d6 6. d4 Nbd7 7. O-O c6 8. c4 Qa5 9. Nc3 Re8 10. e4 e5 11. d5 cxd5 12. cxd5 Nc5 13. Re1 Qa6 14.
Bf1 Qb6 15. Nd2 Bg4 16. Qc2 Rac8 17. Nc4 Qd8 18. h3 Bf3 19. Nd2 Bh5 20. b4 Ncd7 21.
Qd3 g5 22. g4 Bg6 23. f3 Qb6+ 24. Kg2 Qxb4 25. Rab1 Nc5 26. Qb5 Qd4 27. Red1 a6 28. Qe2 Qb4 29. Nc4 Red8 30. Ba1 a5 31. Rxb4 axb4 32.
Nb5 Bf8 33. Nb6 Rb8 34. Rb1 Ncxe4 35. Rxb4 Nc5 36. Qd2 h6 37. Nc4 Ra8 38. Kh1 Ra6 39. Nc3 Rda8 40. Ne3 Ra3 41. Bb2 R3a6 42. Bxa6 bxa6 43.
Rb6 Be7 44. Ba3 a5 45. Bxc5 dxc5 46. d6 Bd8 47. Rb7 a4 48. Ncd5 Nxd5 49. Nxd5 Ba5 50.
Qe3 e4 51. fxe4 a3 52. Nf6+ Kg7 53. Nd5 Bb4 54. Nxb4 cxb4 55. Rxb4 Rd8 56. e5 Re8 57. Rb3 Rc8 58. Rc3 Rb8 59. Rb3 Rc8 60. Rxa3 Rc2 61. e6 fxe6 62. Ra7+ Bf7 63. Qe5+ Kg6 64. Qe4+ 1-0

[Event "*** Titled Tuesday 3|2 Blitz"]
[Site "Chess.com"]
[Date "2014.12.30"]
[Round "3"]
[White "Irochka83"]
[Black "pKiLz5Rn9b"]
[Result "0-1"]
[WhiteElo "2264"]
[BlackElo "2167"]
[TimeControl "180+2"]
[EndTime "11:37:14 PST"]
[Termination "pKiLz5Rn9b won by resignation"]

1. Nf3 Nf6 2. c4 e6 3. g3 d5 4. Bg2 Be7 5. O-O O-O 6. b3 c5 7. e3 Nc6 8. Bb2 d4 9. exd4 cxd4 10. Re1 Ne8 11. Ne5 Nxe5 12. Rxe5 f6 13. Re1 e5 14. d3 a5 15. Nd2 Nc7 16. f4 exf4 17. gxf4 Kh8 18. Qh5 f5 19. Nf3 Bf6 20. Ne5 Kg8 21. Re2 Ra6 22. Rae1 b5 23. Nc6 Qd6 24. Ne7+ Bxe7 25.
Rxe7 Ne6 26. R7xe6 Bxe6 27. Rxe6 Qxe6 28. Bd5 bxc4 29.
bxc4 Qxd5 30. cxd5 Rg6+ 31. Kf2 Rh6 32. Qg5 Rxh2+ 33. Kf3 Rxb2 34. Qe7 Rbb8 35. Qe6+ Kh8 36. Qe5 Rbd8 37. Qxd4 Rf6 38. Qc5 Rfd6 39. Qxa5 Rxd5 40. Qa7 Rxd3+ 41. Ke2 Rd2+ 42. Ke1 h6 43. a4 Rd1+ 44. Ke2 R1d2+ 45. Ke1 Ra2 46. a5 Re8+ 47. Kd1 Rd8+ 48. Kc1 Rc8+ 49. Kb1 Ra4 50. Qd7 Rb4+ 51. Ka2 Ra8 52.
Ka3 Rxf4 53. Qc7 Re4 54. Qb6 Re7 55. Kb4 Rea7 56. Qg6 Rxa5 57. Qf7 Re5 58. Kc4 Rc8+ 59. Kd4 Re4+ 60. Kd3 Rd8+ 61. Kc3 Re5 62. Kc4 Re4+ 63. Kc3 f4 64. Qf5 Re3+ 65. Kc4 f3 66. Qf4 Rde8 67. Kd5 Kg8 68. Kc5 Rc3+ 69. Kd4 Rf8 70. Qe4 f2 71. Qd5+ Kh8 72. Kxc3 f1=Q 0-1

[Event "*** Titled Tuesday 3|2 Blitz"]
[Site "Chess.com"]
[Date "2014.12.30"]
[Round "3"]
[White "MisaPap"]
[Black "AUSSIE_PINOY"]
[Result "1-0"]
[WhiteElo "2384"]
[BlackElo "2284"]
[TimeControl "180+2"]
[EndTime "11:39:57 PST"]
[Termination "MisaPap won by resignation"]

1. e4 c5 2. c3 a6 3. d4 e6 4. Nf3 b6 5. Bd3 Bb7 6. O-O Qc7 7. Re1 d6 8. Nbd2 Nd7 9. Nf1 Ngf6 10. Ng3 Be7 11. a3 b5 12. e5 dxe5 13. dxe5 Nd5 14.
Nh5 g6 15. Ng3 c4 16. Bc2 h6 17. Qe2 Nc5 18. Nd4 h5 19. f4 Nb6 20. Ne4 Nbd7 21. a4 Nxa4 22. Bxa4 bxa4 23. Rxa4 Nb6 24. Ra1 Nd5 25.
h3 Rc8 26. Kh2 h4 27. Qg4 Qb6 28. Re2 Rh5 29. Nf3 Kf8 30. Neg5 Qc6 31. Nxh4 Bxg5 32. fxg5 Ne7 33. Bf4 Rd8 34. Rae1 Rd3 35. Nf3 Nf5 36.
Rd2 Rh4 37. Nxh4 Nxh4 38. Ree2 Rxd2 39. Rxd2 Nf5 40. h4 Qe4 41. Rf2 Qe1 42. Qe2 Qb1 43. Qxc4 Kg7 44. Qc7 Qe1 45. Bg3 Bd5 46. Qb6 Qe4 47.
Qb4 Qe3 48. Qf4 Qb6 49. Rd2 Qc5 50. Bf2 Qb5 51. Bd4 Qa4 52. Rf2 Qa1 53. b4 Qd1 54.
Qd2 Qb1 55. Qf4 Qd1 56. Bc5 Qb1 57. Be7 Qd1 58. Bf6+ Kh7 59. c4 Bc6 60. c5 Bd5 61.
Rd2 Qb1 62. Rxd5 exd5 63. h5 Qd1 64. hxg6+ fxg6 65. e6 Qh5+ 66. Kg1 Qd1+ 67. Qf1 Qd2 68. Qf3 Qe1+ 69. Qf1 Qxe6 70. Qf2 Kg8 71. g4 Ne3 72. Qf4 Nxg4 73. Qb8+ Kf7 74. Qc7+ Kf8 75. Qd8+ Kf7 76.
Qc7+ Kf8 77. Qg7+ Ke8 78. Qxg6+ Kd7 79. Qh7+ Kc6 80. Qd3 Kb7 81. Kg2 Ne3+ 82. Kf3 Nf5 83. Kf4 Nh4 84. b5 axb5 85. Qh7+ Ka6 86. Qxh4 b4 87.
Qf2 b3 88. Qf1+ Ka5 89. Bc3+ Ka4 90. Qa1+ Kb5 91. Qa5+ Kc4 92. Qb4+ Kd3 93. Qd4+ Ke2 94. Qd2+ Kf1 95. Qd3+ Kg2 96. Qf3+ Kh2 97. Qf2+ Kh1 98. Qh4+ Kg2 99. Qg4+ Qxg4+ 100. Kxg4 1-0

[Event "*** Titled Tuesday 3|2 Blitz"]
[Site "Chess.com"]
[Date "2014.12.30"]
[Round "4"]
[White "PauloCesarCosta"]
[Black "MattyDPerrine"]
[Result "0-1"]
[WhiteElo "2063"]
[BlackElo "1991"]
[TimeControl "180+2"]
[EndTime "11:44:06 PST"]
[Termination "MattyDPerrine won by resignation"]

1. Nf3 c5 2. c4 e6 3. g3 b6 4.
Bg2 Bb7 5. O-O Nf6 6. Nc3 Be7 7.
d4 cxd4 8. Qxd4 Nc6 9. Qf4 Qb8 10. Rd1 a6 11. Ne4 Qxf4 12. Bxf4 Nxe4 13. Ne5 Nf6 14. b3 Na5 15. Bxb7 Nxb7 16. Rac1 d6 17. Nc6 Rc8 0-1

[Event "*** Titled Tuesday 3|2 Blitz"]
[Site "Chess.com"]
[Date "2014.12.30"]
[Round "4"]
[White "kharposh"]
[Black "DrHolmes13"]
[Result "0-1"]
[WhiteElo "2000"]
[BlackElo "2193"]
[TimeControl "180+2"]
[EndTime "11:44:59 PST"]
[Termination "DrHolmes13 won by resignation"]

1. d4 Nf6 2. Nf3 e6 3. Nc3 Bb4 4. e3 b6 5. Bd3 Bb7 6. O-O O-O 7. Qe2 Bxc3 8. bxc3 Ne4 9. c4 f5 10. Bb2 d6 11.
Nd2 Nxd2 12. Qxd2 Nd7 13. a4 a5 14. Ba3 Nf6 15. f3 Qe8 16. c5 dxc5 17. dxc5 Rf7 18. cxb6 cxb6 19. Bb5 Bc6 20. c4 Rd8 21. Qc3 Bxb5 22.
cxb5 Rfd7 23. Qc6 Rd2 24. Qxb6 Qg6 25. Qxe6+ Kh8 26. Rf2 Rxf2 27. Kxf2 Ng4+ 28. fxg4 Qxe6 0-1

[Event "*** Titled Tuesday 3|2 Blitz"]
[Site "Chess.com"]
[Date "2014.12.30"]
[Round "4"]
[White "megarompa"]
[Black "A-Fier"]
[Result "1-0"]
[WhiteElo "2526"]
[BlackElo "2458"]
[TimeControl "180+2"]
[EndTime "11:45:06 PST"]
[Termination "megarompa won by resignation"]

1. d4 Nf6 2. Nf3 g6 3. Bf4 Bg7 4. e3 O-O 5. Be2 c5 6. c3 d6 7. O-O b6 8. h3 Bb7 9. Nbd2 Nbd7 10. Re1 Rc8 11. a4 a6 12. Bf1 Rc7 13. e4 Qa8 14. d5 Ne8 15. Nc4 Qd8 16. e5 dxe5 17.
Nfxe5 Nxe5 18. Nxe5 Qxd5 19. Qxd5 Bxd5 20. Bxa6 Nd6 21.
Nc4 Bxc4 22. Bxd6 exd6 23. Bxc4 Be5 24. g3 Kg7 25. Rad1 Rd8 26. Rxe5 Rcd7 27. Red5 Re7 28.
Rxd6 Ra8 29. Rd7 Rxd7 30. Rxd7 Rxa4 31. Rxf7+ Kg8 32. Rf4+ Kg7 33. h4 Kh6 34. Kg2 Ra1 35. Bd5 Rb1 36. b4 Rc1 37. bxc5 bxc5 38. Rc4 g5 39.
hxg5+ Kh5 40. Bf3+ Kxg5 41. Rxc5+ Kh6 42. c4 Kg6 43.
Rc6+ Kg5 44. Rc5+ Kg6 45. Be4+ Kh6 46. Rc6+ Kg5 47. f4+ Kg4 48. Bf3+ Kf5 49. Rc5+ Kf6 50. g4 h5 51. Rc6+ Kg7 52. gxh5 Kh7 53. Be4+ Kh8 54. h6 Kg8 55. h7+ Kg7 56. Rc7+ 1-0

[Event "*** Titled Tuesday 3|2 Blitz"]
[Site "Chess.com"]
[Date "2014.12.30"]
[Round "4"]
[White "AungTZ"]
[Black "steinitz_attack"]
[Result "1-0"]
[WhiteElo "2018"]
[BlackElo "1751"]
[TimeControl "180+2"]
[EndTime "11:45:48 PST"]
[Termination "AungTZ won by checkmate"]

1. e4 d6 2. d4 Nf6 3. Nc3 g6 4. Be2 Bg7 5. h4 h5 6. Nf3 Bg4 7. Ng5 Bxe2 8. Qxe2 c5 9. d5 Nbd7 10.
f3 a6 11. Be3 b5 12. O-O O-O 13. Rae1 Ne5 14. b3 Qa5 15. Bd2 Rac8 16. a4 b4 17.
Nd1 Qb6 18. Be3 Rfe8 19. Nb2 a5 20. Nc4 Nxc4 21. Qxc4 Nd7 22. f4 Bc3 23. Re2 Kg7 24. e5 dxe5 25. f5 Bd4 26. d6 Qxd6 27. Qxf7+ Kh8 28.
Qh7# 1-0

[Event "*** Titled Tuesday 3|2 Blitz"]
[Site "Chess.com"]
[Date "2014.12.30"]
[Round "4"]
[White "AlmirDzhumaev"]
[Black "Hafez_Bakr"]
[Result "1-0"]
[WhiteElo "2071"]
[BlackElo "1769"]
[TimeControl "180+2"]
[EndTime "11:46:21 PST"]
[Termination "AlmirDzhumaev won by resignation"]

1. e4 c5 2. Nc3 d6 3. g3 Nf6 4.
Bg2 g6 5. d3 Bg7 6. Be3 Nc6 7. h3 h5 8. Qd2 Bd7 9. f4 Rc8 10. Nge2 e5 11. O-O Nd4 12. fxe5 dxe5 13. Bg5 Rc6 14. Nd5 Bc8 15. Nec3 Qa5 16. Nxf6+ Bxf6 17. Bxf6 O-O 18. Bxe5 f6 19. Bxd4 cxd4 20. Nb1 Qxd2 21. Nxd2 Rxc2 22. Rf2 Rxb2 23. Nb3 Rxf2 24. Kxf2 Rd8 25. Rc1 Be6 26. Rc7 Rd7 27. Rxd7 Bxd7 28. Nxd4 Kf7 29. Ke3 Ke7 30. h4 Kd6 31. Bf3 Kc5 32. Bd1 b5 33. Bb3 g5 34. Bf7 Bg4 35. Ne6+ Kd6 36. Nd4 gxh4 37. gxh4 Kc5 38. Nf5 a5 39. a3 b4 40. a4 Bd1 41. d4+ Kb6 42.
Kd2 Bxa4 43. Bxh5 b3 44. Kc3 1-0

[Event "*** Titled Tuesday 3|2 Blitz"]
[Site "Chess.com"]
[Date "2014.12.30"]
[Round "4"]
[White "Philofive"]
[Black "Sebastian"]
[Result "0-1"]
[WhiteElo "2266"]
[BlackElo "2540"]
[TimeControl "180+2"]
[EndTime "11:46:55 PST"]
[Termination "Sebastian won by resignation"]

1. d4 Nf6 2. Bg5 d5 3. e3 c6 4.
Nf3 Bg4 5. Nbd2 Nbd7 6. Bd3 e6 7. h3 Bh5 8. c3 Be7 9. Qc2 Bg6 10. Bxg6 hxg6 11. O-O Nh5 12. Bxe7 Qxe7 13. e4 Nf4 14. Rfe1 g5 15. exd5 cxd5 16. Ne5 Nxe5 17.
Rxe5 g4 18. Qa4+ Kf8 19. Nf1 gxh3 20. g3 h2+ 21. Kh1 Nh3 22. Re2 Qf6 23. Qb4+ Kg8 24. f4 b6 25. Rxh2 Qg6 26. Re1 Nf2+ 27. Kg2 Rxh2+ 28. Nxh2 Qc2 29. Qb3 Nd3+ 30. Qxc2 0-1

[Event "*** Titled Tuesday 3|2 Blitz"]
[Site "Chess.com"]
[Date "2014.12.30"]
[Round "4"]
[White "Houdinovic"]
[Black "Gevorg_Harutjunyan"]
[Result "0-1"]
[WhiteElo "2257"]
[BlackElo "2435"]
[TimeControl "180+2"]
[EndTime "11:47:13 PST"]
[Termination "Gevorg_Harutjunyan won by resignation"]

1. e4 c6 2. d4 d5 3. Nd2 dxe4 4. Nxe4 Bf5 5. Nc5 e5 6. Nxb7 Qb6 7. Nc5 exd4 8. Nb3 Bb4+ 9. Bd2 Ne7 10. Bxb4 Qxb4+ 11. Qd2 Qxd2+ 12. Kxd2 O-O 13. Nxd4 Rd8 14.
Ke3 Nd5+ 15. Kf3 Bg6 16. c3 c5 17. Nb3 Nc6 18. Nxc5 Rab8 19. Na4 Nf6 20. Re1 Rd5 21.
g4 Ne5+ 22. Kg2 Nexg4 23. Nf3 Be4 24. Be2 Rf5 25. Kg3 Bc6 26. Nh4 Rg5 27. Bxg4 Rxg4+ 28. Kh3 Rxa4 29. Rhg1 Bd7+ 0-1

[Event "*** Titled Tuesday 3|2 Blitz"]
[Site "Chess.com"]
[Date "2014.12.30"]
[Round "4"]
[White "ChessWarrior7197"]
[Black "bsmail"]
[Result "1-0"]
[WhiteElo "1991"]
[BlackElo "2132"]
[TimeControl "180+2"]
[EndTime "11:47:25 PST"]
[Termination "ChessWarrior7197 won by resignation"]

1. Nf3 d5 2. g3 g6 3. Bg2 Bg7 4.
O-O Nf6 5. d4 O-O 6. Nbd2 c6 7.
b3 Nbd7 8. Bb2 Re8 9. c4 e6 10.
Re1 b6 11. e4 dxe4 12. Nxe4 Nxe4 13. Rxe4 Bb7 14. Re2 c5 15. Rd2 Qe7 16. Qc2 Rad8 17. Rad1 cxd4 18. Bxd4 Bxd4 19. Rxd4 Nc5 20. b4 Ne4 21. a3 Nf6 22. Ne5 Bxg2 23. Kxg2 Rxd4 24. Rxd4 Qb7+ 25. Kg1 Qc7 26. Qe2 Rd8 27. Rf4 Kg7 28.
Qb2 Rd1+ 29. Kg2 Qb7+ 30. f3 h5 31. Nxg6 fxg6 32. Qxf6+ Kh7 33. Qxe6 Rd2+ 34. Kh3 Rd7 35. Rf8 Rg7 36. Qe8 Qd7+ 37. Qxd7 Rxd7 38. Rc8 Kh6 39. c5 bxc5 40. Rxc5 Kg7 41. Ra5 Kf6 42. f4 Ke6 43. Kg2 Kd6 44. Ra6+ Kd5 45. Rxg6 Kc4 46. Ra6 Kb5 47. Ra5+ Kb6 48. Rxh5 Rd2+ 49. Kh3 Rd3 50.
Ra5 1-0

[Event "*** Titled Tuesday 3|2 Blitz"]
[Site "Chess.com"]
[Date "2014.12.30"]
[Round "4"]
[White "gumersindo"]
[Black "Vandros57"]
[Result "1-0"]
[WhiteElo "2103"]
[BlackElo "1838"]
[TimeControl "180+2"]
[EndTime "11:47:31 PST"]
[Termination "gumersindo won on time"]

1. d4 d5 2. c4 e6 3. Nc3 Nf6 4. Nf3 Be7 5. Bg5 O-O 6. e3 Nbd7 7.
Rc1 c6 8. Qc2 Re8 9. b3 h6 10.
Bh4 g5 11. Bg3 Bb4 12. Nd2 Qa5 13. a4 e5 14. dxe5 Nxe5 15. Bxe5 Rxe5 16. Be2 Ne4 17. Ndxe4 dxe4 18. O-O Bxc3 19. Qxc3 Qxc3 20. Rxc3 Re7 21. Rd1 Be6 22. Rc2 Rd7 23. Rcd2 Rad8 24. Rxd7 Rxd7 25. Rxd7 Bxd7 26. c5 Be6 27. b4 f5 28. Kf1 Kf7 29.
Ke1 Kf6 30. Kd2 Ke5 31. Kc3 f4 32. g3 f3 33. Bf1 h5 34. h4 gxh4 35. gxh4 Bd7 36. Bc4 Bg4 37. Bf7 Kf6 38. Be8 Ke7 39. Bg6 Kf6 40. Bxe4 Ke5 41. Bg6 Kf6 42. Bd3 Ke5 43.
b5 Be6 44. bxc6 bxc6 45. Bg6 Bg4 46. Be8 Kd5 47. Kb4 1-0

[Event "*** Titled Tuesday 3|2 Blitz"]
[Site "Chess.com"]
[Date "2014.12.30"]
[Round "4"]
[White "VovAn1991"]
[Black "FairChess_on_YouTube"]
[Result "0-1"]
[WhiteElo "2424"]
[BlackElo "2716"]
[TimeControl "180+2"]
[EndTime "11:47:35 PST"]
[Termination "FairChess_on_YouTube won on time"]

1. g3 d5 2. Bg2 e5 3. d3 h6 4. Nf3 Nc6 5. Nbd2 Nf6 6. e4 dxe4 7.
dxe4 Bc5 8. O-O O-O 9. c3 Qd3 10.
Ne1 Qd6 11. Qe2 a5 12. Nc4 Qe6 13. Be3 b6 14. Bxc5 bxc5 15. Nc2 Ba6 16. N2e3 a4 17.
b3 Na5 18. Rab1 c6 19. Rfd1 Rfb8 20. f3 axb3 21. axb3 Nxb3 22. Bf1 Na5 23. Rxb8+ Rxb8 24. Qa2 Nxc4 25. Bxc4 Bxc4 26. Qxc4 Qh3 27. Qa2 Nh7 28. Nf5 Ng5 0-1

[Event "*** Titled Tuesday 3|2 Blitz"]
[Site "Chess.com"]
[Date "2014.12.30"]
[Round "4"]
[White "NMLuo"]
[Black "ViennaRocket"]
[Result "0-1"]
[WhiteElo "2047"]
[BlackElo "2217"]
[TimeControl "180+2"]
[EndTime "11:47:37 PST"]
[Termination "ViennaRocket won on time"]

1. e4 a6 2. d4 b5 3. Nf3 Bb7 4.
Bd3 Nf6 5. Qe2 e6 6. a4 c5 7. axb5 axb5 8. Rxa8 Bxa8 9. e5 c4 10. Bxc4 bxc4 11. exf6 gxf6 12. Qxc4 Rg8 13. Nbd2 Rxg2 14. Qf1 Rg6 15. h4 Qa5 16. c3 Qa1 17. Kd1 Nc6 18. h5 Rg8 19. Qb5 Bd6 20. Kc2 Ke7 21. Qd3 Rc8 22. Nc4 Qa4+ 23. b3 Qa2+ 24. Bb2 Na5 25.
Nxd6 Qxb3+ 26. Kb1 Kxd6 27. Nd2 Qa4 28. Qa6+ Ke7 29.
Qxc8 Bxh1 30. Qc5+ Ke8 31. Qc8+ Ke7 32. Qc5+ Kd8 33.
Qb6+ Kc8 34. Qa6+ Bb7 35. Qe2 Bd5 36. Qa6+ Kc7 37. Qa7+ Kd8 38. Qb8+ Ke7 39. Kc1 f5 40. Qb6 Be4 41. Nxe4 fxe4 42. Qc5+ d6 43. Qc7+ Kf6 0-1

[Event "*** Titled Tuesday 3|2 Blitz"]
[Site "Chess.com"]
[Date "2014.12.30"]
[Round "4"]
[White "esr44"]
[Black "DanielRensch"]
[Result "0-1"]
[WhiteElo "2004"]
[BlackElo "2351"]
[TimeControl "180+2"]
[EndTime "11:47:55 PST"]
[Termination "DanielRensch won on time"]

1. d4 Nf6 2. Bg5 e6 3. e4 h6 4. Bxf6 Qxf6 5. c3 c5 6. Nf3 Qd8 7. Bd3 b6 8. O-O Bb7 9. Nbd2 Be7 10. Re1 d6 11. Nf1 O-O 12. Ng3 Nd7 13. Qe2 a6 14. Rad1 Qc7 15. Bb1 Rfd8 16. Qd3 Nf8 17. e5 dxe5 18.
Nxe5 cxd4 19. cxd4 Rac8 20. Nh5 g6 21. Nf4 Bf6 22. Nfxg6 fxg6 23. Nxg6 Nxg6 24. Qxg6+ Qg7 25. Rxe6 Qxg6 26. Bxg6 Kg7 27. Bf5 Rxd4 28. Rde1 Rc7 29. Rxb6 Rd2 30. h3 Rxb2 31. Rxb2 Bxb2 32. Re6 Bd4 33.
Rg6+ Kf7 34. Rxh6 Rc1+ 35. Kh2 Be5+ 0-1

[Event "*** Titled Tuesday 3|2 Blitz"]
[Site "Chess.com"]
[Date "2014.12.30"]
[Round "4"]
[White "hitaman"]
[Black "jlandaw"]
[Result "0-1"]
[WhiteElo "2374"]
[BlackElo "2341"]
[TimeControl "180+2"]
[EndTime "11:48:00 PST"]
[Termination "jlandaw won by resignation"]

1. e4 e5 2. Nf3 Nc6 3. Bb5 a6 4.
Bxc6 dxc6 5. O-O Qf6 6. d4 exd4 7. Bg5 Qg6 8. Qxd4 Bd6 9. Nbd2 f6 10. Bh4 Bg4 11. Bg3 Rd8 12. Qa7 Bc8 13. Rfe1 Ne7 14.
Nc4 O-O 15. Nxd6 cxd6 16. Rad1 d5 17. Qc5 Qf7 18. exd5 Nxd5 19. c4 Nc7 20. h3 Rfe8 21. Rxd8 Rxd8 22. Re7 Ne6 23. Qa3 Qf8 24. Bd6 c5 25.
Bxc5 Nxc5 26. Qxc5 Rd7 27. Rxd7 Qxc5 28. Rd8+ Kf7 29.
b3 b5 30. cxb5 axb5 31. Nd4 Qc1+ 32. Kh2 Qc7+ 0-1

[Event "*** Titled Tuesday 3|2 Blitz"]
[Site "Chess.com"]
[Date "2014.12.30"]
[Round "4"]
[White "exoticprincess"]
[Black "LittlePeasant"]
[Result "1-0"]
[WhiteElo "2640"]
[BlackElo "2392"]
[TimeControl "180+2"]
[EndTime "11:48:06 PST"]
[Termination "exoticprincess won by resignation"]

1. b3 e5 2. Bb2 Nc6 3. e3 Nf6 4. Bb5 Bd6 5. Na3 Be7 6. Nc4 d6 7. Ne2 Bd7 8. O-O O-O 9. d3 a6 10. Bxc6 Bxc6 11. e4 Bd7 12. f4 exf4 13. Nxf4 Be6 14.
Qe1 Bxc4 15. bxc4 Nd7 16. Nd5 Bh4 17. Qe2 c6 18. Qg4 Ne5 19. Bxe5 dxe5 20. Ne3 Bg5 21. Nf5 g6 22. h4 Bf4 23. g3 h5 24. Qe2 gxf5 25.
gxf4 Qxh4 26. Rf2 Kh7 27. Rh2 Rg8+ 28. Kh1 Rg4 29. Rg1 Rxg1+ 30. Kxg1 Qxf4 31. Qxh5+ Kg7 32. Rf2 Qc1+ 33. Kh2 Rg8 34. Qh4 f6 35. Rg2+ Kf7 36. Qh7+ 1-0

[Event "*** Titled Tuesday 3|2 Blitz"]
[Site "Chess.com"]
[Date "2014.12.30"]
[Round "4"]
[White "THORK"]
[Black "MbMaster"]
[Result "1-0"]
[WhiteElo "2210"]
[BlackElo "2092"]
[TimeControl "180+2"]
[EndTime "11:48:16 PST"]
[Termination "THORK won by resignation"]

1. g3 e5 2. Bg2 d5 3. c4 c6 4. cxd5 cxd5 5. Nc3 Nf6 6. d3 Nc6 7. Bg5 Be6 8. Bxf6 gxf6 9. Nf3 d4 10.
Ne4 Be7 11. a3 f5 12. Ned2 Qd7 13. Rc1 h5 14. Nc4 Bf6 15. b4 e4 16. b5 Ne7 17.
Nfd2 Nd5 18. dxe4 Nc3 19. Qc2 Rc8 20. Qd3 fxe4 21. Bxe4 Rxc4 22. Nxc4 Bxc4 23. Qxc4 Nxe4 24. Qd3 Nd6 25. a4 O-O 26. h3 Qf5 27. g4 Qxd3 28.
exd3 Re8+ 29. Kf1 h4 30. Rc2 Bg5 31. Kg2 Bf4 32. Rb1 Kg7 33. Rb4 Be5 34. Rc5 f6 35. b6 a6 36. f4 Bxf4 37. Rxd4 Be3 38. Rc7+ Nf7 39. Rdd7 Rf8 40. Rxb7 Kg6 41. a5 Ne5 42. Rg7+ Kh6 43. Rbc7 Nxd3 44. Kf3 Bf4 45. Rh7+ 1-0

[Event "*** Titled Tuesday 3|2 Blitz"]
[Site "Chess.com"]
[Date "2014.12.30"]
[Round "4"]
[White "grandmastergauri"]
[Black "lexiel"]
[Result "1-0"]
[WhiteElo "2256"]
[BlackElo "1854"]
[TimeControl "180+2"]
[EndTime "11:48:42 PST"]
[Termination "grandmastergauri won on time"]

1. e4 c5 2. Nc3 Nc6 3. Bb5 Nd4 4.
Bc4 e6 5. Nge2 Ne7 6. O-O Nec6 7. d3 a6 8. a4 b6 9. f4 Bb7 10. f5 Be7 11. Ng3 Ne5 12. Ba2 Bg5 13. Nh5 O-O 14. f6 Bxf6 15. Nxf6+ gxf6 16. Bh6 Kh8 17. Bxf8 Qxf8 18.
Ne2 Qh6 19. Nxd4 cxd4 20. Qc1 Qxc1 21. Raxc1 Kg7 22. h3 h5 23. Rf2 Rh8 24. Kf1 Rh6 25. Ke2 Rg6 26. c3 Rg3 27. Bb1 Nc6 28. Rg1 a5 29.
Rf3 Rg5 30. Kd2 Ba6 31. g4 h4 32. Rgf1 Rg6 33. R3f2 Rh6 34. g5 Rg6 35. gxf6+ Kh6 36. Bc2 dxc3+ 37. bxc3 Ne5 38. Rf4 Rg3 39. Rxh4+ Kg5 40.
Rh8 Rg2+ 41. Kc1 Rh2 42. Rg8+ Kh6 43. Rfg1 Ng6 44. R1xg6+ fxg6 45. f7 1-0